 Dungeon Crawl Stone Soup version 0.22.1-1-ga44c0e5 (webtiles) character file.

258784 jerryfan the Peltast (level 19, -9/127 HPs)
             Began as a Gargoyle Fighter on Oct 16, 2018.
             Was a High Priest of Makhleb.
             Mangled by an eldritch tentacle (17 damage)
             ... in a wizard's laboratory on Oct 20, 2018.
             The game lasted 02:50:35 (37985 turns).

jerryfan the Peltast (Gargoyle Fighter)            Turns: 37985, Time: 02:50:36

Health: -9/127     AC: 33    Str: 36    XL:     19   Next: 88%
Magic:  0/31       EV:  9    Int: 16    God:    Makhleb [*****.]
Gold:   1274       SH:  0    Dex:  6    Spells: 18/18 levels left

rFire    + + .     SeeInvis .   O - +7 mace of Context {freeze, Int+3}
rCold    + . .     Gourm    .   b - +2 shield {rF+}
rNeg     + . .     Faith    .   I - +7 plate armour {rF+}
rPois    ∞         Spirit   +   e - +0 helmet (curse)
rElec    +         Reflect  .   (no cloak)
rCorr    .         Harm     .   S - +2 pair of gloves {archery}
MR       ++...                  j - +0 pair of boots
Stlth    ..........             T - amulet of guardian spirit
HPRegen  0.31/turn              k - ring of Riecirug {*Contam rC+ Str+8 Dex-3 Slay+5}
MPRegen  0.22/turn              h - ring "Wattokku" {MR+ Int+4}

@: confused, corroded, flying, very slightly contaminated, invisible
A: big wings, iridescent scales 1, negative energy resistance 1, shaggy fur 1,
electricity resistance, unbreathing, petrification resistance, rot immunity, AC
+14
}: 2/15 runes: serpentine, barnacled
a: Stop Flying, Minor Destruction, Lesser Servant of Makhleb, Major Destruction,
Greater Servant of Makhleb, Renounce Religion


You were in a wizard's laboratory.
You worshipped Makhleb.
Makhleb was extremely pleased with you.
You were not hungry.

You visited 7 branches of the dungeon, and saw 33 of its levels.
You also visited: Sewer and Wizlab.

You collected 3651 gold pieces.
You spent 2377 gold pieces at shops.

Inventory:

Hand Weapons
 a - a +3 whip of holy wrath
 y - a +0 blowgun
 F - a +2 mace of protection
 O - the +7 mace of Context (weapon) {freeze, Int+3}
   (You bought it in a shop on level 2 of the Orcish Mines)

   It has been specially enchanted to freeze those struck by it, causing extra
   injury to most foes and up to half again as much damage against particularly
   susceptible opponents.
   It can also slow down cold-blooded creatures.
   It affects your intelligence (+3).
 Y - a +0 demon whip of freezing
Missiles
 B - 10 curare-tipped needles
 G - 9 throwing nets (quivered)
Armour
 b - a +2 shield of fire resistance (worn)
 e - a cursed +0 helmet (worn)
 j - a +0 pair of boots (worn)
 I - a +7 plate armour of fire resistance (worn)
 S - a +2 pair of gloves of archery (worn)
 W - the +5 plate armour of the Neverending Lovers {rC- MP+9 Str+7 Int+3}
   (You bought it in a shop on level 2 of the Snake Pit)

   It affects your strength (+7).
   It affects your intelligence (+3).
   It makes you vulnerable to cold.
   It affects your magic capacity (+9).
Jewellery
 h - the ring "Wattokku" (right hand) {MR+ Int+4}
   (You acquired it on level 14 of the Dungeon)

   [ring of protection from magic]

   It affects your intelligence (+4).
   It affects your resistance to hostile enchantments.
 i - an uncursed amulet of rage
 k - the ring of Riecirug (left hand) {*Contam rC+ Str+8 Dex-3 Slay+5}
   (You found it on level 10 of the Dungeon)

   [ring of protection from cold]

   It affects your strength (+8).
   It affects your dexterity (-3).
   It affects your accuracy and damage with ranged weapons and melee attacks
   (+5).
   It protects you from cold.
   It causes magical contamination when unequipped.
 E - a +2 ring of evasion
 H - an uncursed ring of ice
 J - an uncursed ring of protection from fire
 K - an uncursed ring of ice
 M - a +3 ring of evasion
 T - an amulet of guardian spirit (around neck)
Wands
 n - a wand of random effects (67)
 p - a wand of iceblast (21)
 u - a wand of digging (12)
 v - a wand of enslavement (19)
 w - a wand of disintegration (20)
 C - a wand of acid (13)
 D - a wand of flame (158)
 N - a wand of paralysis (47)
 R - a wand of polymorph (32)
Scrolls
 c - 2 scrolls of immolation
 g - 15 scrolls of remove curse
 l - 12 scrolls of identify
 r - a scroll of fog
 x - 2 scrolls of amnesia
 L - a scroll of magic mapping
 U - a scroll of enchant weapon
 X - 4 scrolls of teleportation
Potions
 d - 5 potions of might
 m - 3 potions of agility
 o - 3 potions of cancellation
 q - a potion of curing
 s - 4 potions of lignification
 t - 3 potions of magic
 z - 6 potions of haste
 A - 5 potions of brilliance
Miscellaneous
 Q - a phial of floods
 V - 2 phantom mirrors
Comestibles
 f - 41 rations


   Skills:
 * Level 16.9 Fighting
 * Level 15.7 Maces & Flails
 - Level 1.6 Throwing
 * Level 17.0 Armour
 * Level 17.1 Shields
 * Level 16.5 Invocations


You had 18 spell levels left.
You didn't know any spells.
Your spell library contained the following spells:

 Spells                   Type           Power        Failure   Level  Hunger
 Beastly Appendage        Tmut           #.....       67%         1    ##.....
 Corona                   Hex            #......      67%         1    ##.....
 Freeze                   Ice            #...         67%         1    ##.....
 Magic Dart               Conj           #...         67%         1    ##.....
 Sandblast                Erth           #.....       67%         1    ##.....
 Shock                    Conj/Air       #...         67%         1    ##.....
 Summon Small Mammal      Summ           #...         67%         1    ##.....
 Blink                    Tloc           N/A          82%         2    ###....
 Call Imp                 Summ           #.......     82%         2    ###....
 Ensorcelled Hibernation  Hex/Ice        #.....       82%         2    ###....
 Passwall                 Tmut/Erth      #.......     82%         2    ###....
 Slow                     Hex            #.......     82%         2    ###....
 Sticks to Snakes         Tmut           #.......     82%         2    ###....
 Swiftness                Chrm/Air       #.......     82%         2    ###....
 Throw Frost              Conj/Ice       #.....       82%         2    ###....
 Call Canine Familiar     Summ           #.......     96%         3    ####...
 Confuse                  Hex            #.......     96%         3    ####...
 Conjure Flame            Conj/Fire      #.......     96%         3    ####...
 Dazzling Spray           Conj/Hex       #.....       96%         3    ####...
 Ignite Poison            Fire/Tmut/Pois #.......     96%         3    ####...
 Mephitic Cloud           Conj/Pois/Air  #.......     96%         3    ####...
 Ozocubu's Armour         Chrm/Ice       #.......     96%         3    ####...
 Spider Form              Tmut/Pois      #.........   96%         3    ####...
 Static Discharge         Conj/Air       #.......     96%         3    ####...
 Stone Arrow              Conj/Erth      #.....       96%         3    ####...
 Summon Guardian Golem    Hex/Summ       #.......     96%         3    ####...
 Tukima's Dance           Hex            #.......     96%         3    ####...
 Vampiric Draining        Necr           #.........   96%         3    ####...
 Airstrike                Air            #.........   100%        4    #####..
 Cause Fear               Hex            #.........   100%        4    #####..
 Ice Form                 Ice/Tmut       #.......     100%        4    #####..
 Leda's Liquefaction      Hex/Erth       #.........   100%        4    #####..
 Summon Ice Beast         Ice/Summ       #.......     100%        4    #####..
 Summon Lightning Spire   Summ/Air       #.......     100%        4    #####..
 Throw Icicle             Conj/Ice       #.......     100%        4    #####..
 Blade Hands              Tmut           #.........   100%        5    ######.
 Bolt of Draining         Conj/Necr      #.........   100%        5    ######.
 Dispel Undead            Necr           #.......     100%        5    ######.
 Irradiate                Conj/Tmut      #.........   100%        5    ######.
 Lightning Bolt           Conj/Air       #.........   100%        5    ######.
 Silence                  Hex/Air        #.........   100%        5    ######.
 Yara's Violent Unravell  Hex/Tmut       #.........   100%        5    ######.
 Deflect Missiles         Chrm/Air       #.........   100%        6    #######
 Iron Shot                Conj/Erth      #.........   100%        6    #######
 Discord                  Hex            #.........   100%        8    #######
 Statue Form              Tmut/Erth      Unusable     N/A         6    N/A

Dungeon Overview and Level Annotations

Branches:
Dungeon (15/15)            Temple (1/1) D:4            Lair (6/6) D:10
 Shoals (4/4) Lair:2        Snake (4/4) Lair:3        Slime (0/5) Lair:6
    Orc (2/2) D:10            Elf (0/3) Orc:2        Vaults (1/5) D:13
 Depths (0/5) D:15

Altars:
Dithmenos
Elyvilon
Fedhas
Hepliaklqana
Kikubaaqudgha
Makhleb
Nemelex Xobeh
Okawaru
Qazlal
Ru
Trog
Uskayaw
Vehumet
Wu Jian
Xom
Yredelemnul
Zin
Beogh
Jiyva

Shops:
D:4 [:   D:8 =?[?   Orc:2 (}?(   Snake:2 }[   Snake:3 =}=   Snake:4 %

Annotations:
D:4 exclusion: downstairs
D:6 exclusion: downstairs
D:7 3 runed doors, exclusion: 3 doors, ThisFiasco's ghost, novice GrEE; geeseburger's ghost, novice OpVM
D:9 exclusion: downstairs
D:10 exclusion: downstairs
Lair:3 exclusion: 2 downstairs
Lair:5 2 transporters
Shoals:4 exclusions: 3 krakens and 2 more exclusions WizLab 11 transporters


Innate Abilities, Weirdness & Mutations

You are resistant to torment.
Your stone body is resilient. (AC +14)
You are immune to poison.
Your large and strong wings let you fly indefinitely.
You resist negative energy. (rN+)
You are resistant to electric shocks. (rElec)
You can survive without breathing.
You are immune to petrification.
You are immune to rotting.
You are partially covered in iridescent scales. (AC +2)
You are covered in fur. (AC +1)


Message History

Press: ? - help, v - describe, . - travel The floor.
There is a cloud of blue smoke here.
Okay, then.
The eldritch tentacle slaps you but does no damage.
The eldritch tentacle barely misses you.
You are confused.
You feel invigorated.
The eldritch tentacle slaps you but does no damage.
The eldritch tentacle claws you.
* * * LOW HITPOINT WARNING * * *
You feel your power leaking away.
You're too confused!
The eldritch tentacle completely misses you.
The eldritch tentacle claws you!
* * * LOW HITPOINT WARNING * * *
You feel your power leaking away.
The eldritch tentacle slaps you but does no damage.
The eldritch tentacle claws you!!
You die...

##..#.####.....§§..####..#.## ...
#..###.#§§.?......[..#.#.#.# ...
#.#.#.##§§§..#.#.....##.##.# :.#
##.#.#.##§..##.#....##.....# ...
##..8##∩##§..*_.[..##©##8..# . .
.#.#.#.##../##│#....##.#.#.## ...
.##...##.....#│#!.§.§##.#.≈.# ##.
##..##.#......§w?..§§#.####.# ##
##.##.####§§?...@$§####..#.## .
#.#.##.#.©#§§§#...#©.#.#≈#..# .≈
##..#..##.#^§###..#.##...≈.##
≈#≈.#.#.######∩#######....#≈#
#....#8≈..#.#...#.#..#8#...##
###.≈.#..#.≈.###...##.#...###
#..##..#.≈#.#.8.##...#.#.#..#
#####.#...####...####.#.#####
#..#..#≈.#.##...#..#.#.#.#..#####


You could see an eldritch tentacle.

Vanquished Creatures
  Asterion (Snake:4)
  3 tentacled starspawn (WizLab)
  16 nagarajas
  Roxanne (Snake:4)
  A balrug (WizLab)
  An angel (WizLab)
  2 slime creatures (Vaults:1)
  6 dire elephants (Lair:6)
  A merfolk javelineer (Shoals:3)
  11 merfolk impalers
  2 yaktaur captains (Vaults:1)
  Harold (D:7)
  A fire dragon (Lair:3)
  Erolcha (D:10)
  4 vault guards (D:13)
  6 hydras
  A catoblepas (Lair:4)
  An ice dragon (D:15)
  24 naga warriors
  2 rakshasas (WizLab)
  6 merfolk avatars
  3 alligator snapping turtles
  14 anacondas
  8 merfolk aquamancers
  17 two-headed ogres
  8 ogre magi
  2 satyrs (Shoals:4)
  4 centaur warriors
  A death knight (D:15)
  13 naga sharpshooters
  Urug (Orc:2)
  6 shock serpents
  Sonja (Lair:1)
  3 salamander mystics
  8 skeletal warriors
  3 unseen horrors
  4 naga ritualists
  14 sea snakes
  9 deep elf magi
  A lindwurm (D:14)
  A wizard (WizLab)
  An obsidian statue (WizLab)
  18 harpies
  8 mana vipers
  6 orc sorcerers (Orc:2)
  7 manticores
  7 fauns
  9 salamanders
  2 worldbinders (WizLab)
  2 cyclopes
  16 elephants
  14 merfolk sirens
  17 black mambas
  24 naga magi
  5 water nymphs
  Joseph (Lair:1)
  5 guardian serpents
  9 spiny frogs
  2 kobold demonologists (D:12)
  12 rime drakes
  7 yaktaurs (Vaults:1)
  3 komodo dragons
  A freezing wraith (Vaults:1)
  3 hellwings (WizLab)
  3 ancient zymes (WizLab)
  A polar bear (Lair:6)
  3 trolls
  27 merfolk
  A wind drake (shapeshifter) (D:13)
  6 wind drakes
  3 hornets
  20 blink frogs
  7 snapping turtles
  16 hippogriffs
  2 vampires
  A shadow (D:12)
  Sigmund (D:5)
  4 wraiths
  15 water elementals
  8 steam dragons (Lair:4)
  5 wyverns
  Eustachio (D:6)
  25 yaks
  9 basilisks
  3 hungry ghosts
  6 vampire mosquitoes
  76 nagas
  3 spatial vortices (WizLab)
  12 water moccasins
  3 acid dragons
  3 hell hounds
  14 porcupines
  13 orc warriors
  A swamp drake (D:10)
  2 sky beasts
  4 ice beasts
  4 black bears
  11 centaurs
  21 ogres
  A phantom (D:10)
  13 wolves
  13 crocodiles
  14 bullfrogs
  5 big kobolds
  A wyvern zombie (D:6)
  A water moccasin skeleton (D:12)
  4 scorpions
  10 killer bees
  An electric eel (D:12)
  9 wights
  5 howler monkeys
  A bullfrog zombie (D:12)
  3 crimson imps
  10 hounds
  A lava snake (D:14)
  6 centaur zombies
  4 jellies
  3 quasits
  5 centaur skeletons
  16 orc priests
  8 iguanas
  Ijyb (D:3)
  32 orc wizards
  10 worker ants
  3 hound zombies
  2 hound skeletons
  A howler monkey zombie (D:10)
  7 gnolls
  2 howler monkey skeletons
  14 adders
  9 shadow imps
  An ooze (D:1)
  2 adder skeletons
  An adder zombie (D:5)
  6 worms
  A dart slug (D:1)
  4 leopard geckos
  91 orcs
  5 bats
  5 giant cockroaches
  10 hobgoblins
  19 jackals
  32 kobolds
  6 quokkas
  4 ball pythons
  3 frilled lizards
  4 goblins
  A jackal skeleton (D:5)
  A jackal zombie (D:7)
  A leopard gecko skeleton (D:3)
  12 rats
  16 plants
  2 tentacles (Shoals:1)
1168 creatures vanquished.

Vanquished Creatures (collateral kills)
  A nagaraja (Snake:4)
  Josephine (D:10)
  An ice dragon (D:15)
  3 naga warriors (Snake:4)
  An anaconda (Snake:1)
  4 naga sharpshooters (Snake:4)
  Nergalle (Lair:1)
  2 shock serpents (Snake:4)
  A salamander mystic (Snake:4)
  A sea snake (Shoals:2)
  3 deep elf magi (D:15)
  2 harpies (Shoals:1)
  A faun (Shoals:3)
  An orc sorcerer (Orc:2)
  A wolf spider zombie (D:15)
  A salamander (Snake:1)
  A worldbinder (WizLab)
  A water nymph (Shoals:4)
  A merfolk siren (Shoals:3)
  2 guardian serpents (Snake:1)
  A naga mage (Snake:4)
  5 black mambas
  A yaktaur (Vaults:1)
  A troll (D:10)
  3 merfolk (Shoals:2)
  A snapping turtle (Shoals:2)
  A hippogriff (D:15)
  A wraith (D:10)
  A yak (Lair:1)
  A hungry ghost (D:15)
  8 nagas
  An insubstantial wisp (WizLab)
  A water moccasin (Lair:1)
  2 orc warriors (D:10)
  A crocodile (D:15)
  An orc wizard (Orc:2)
  3 orcs (D:10)
63 creatures vanquished.

Vanquished Creatures (others)
  A merfolk aquamancer (Shoals:4)
  2 rime drakes (Lair:4)
  A water elemental (Shoals:1)
  A hell hound (WizLab)
  A shadow imp (D:5)
  11 fungi
  49 plants
  9 starspawn tentacles (WizLab)
  15 tentacles
  5 withered plants (D:7)
95 creatures vanquished.

Grand Total: 1326 creatures vanquished

Notes
Turn   | Place    | Note
-------+----------+-------------------------------------------
     0 | D:1      | jerryfan the Gargoyle Fighter began the quest for the Orb.
     0 | D:1      | Reached XP level 1. HP: 14/14 MP: 1/1
   114 | D:1      | Reached XP level 2. HP: 19/19 MP: 2/2
   424 | D:1      | Reached XP level 3. HP: 23/23 MP: 3/3
  1197 | D:2      | Reached XP level 4. HP: 18/29 MP: 4/4
  1504 | D:3      | Noticed Ijyb
  1524 | D:3      | Killed Ijyb
  1524 | D:3      | Reached skill level 1 in Throwing
  1533 | D:3      | Found a hide-covered altar of Uskayaw.
  2112 | D:3      | Reached XP level 5. HP: 33/33 MP: 5/5
  2294 | D:4      | Found Ivesu's Book Emporium.
  2446 | D:4      | Noticed an ogre
  2567 | D:4      | Found a white marble altar of Elyvilon.
  2576 | D:4      | Found Jarhiub's Antique Armour Emporium.
  2669 | D:4      | Reached XP level 6. HP: 39/39 MP: 6/6
  2709 | D:4      | Found a staircase to the Ecumenical Temple.
  2758 | Temple   | Entered the Ecumenical Temple
  2787 | Temple   | Became a worshipper of Makhleb the Destroyer
  3004 | D:5      | Entered Level 5 of the Dungeon
  3341 | D:5      | Noticed a sky beast
  3399 | D:5      | Noticed Sigmund
  3478 | D:5      | Found a shimmering altar of Xom.
  3478 | D:5      | Noticed an angel
  3479 | D:5      | Found a glowing silver altar of Zin.
  3573 | D:5      | Found a glowing drain.
  3591 | Sewer    | Entered a sewer
  3846 | Sewer    | Reached skill level 1 in Invocations
  3944 | Sewer    | Reached XP level 7. HP: 44/44 MP: 7/7
  4215 | D:5      | Killed Sigmund
  4215 | D:5      | Reached skill level 5 in Fighting
  4215 | D:5      | Reached skill level 5 in Armour
  4215 | D:5      | Reached skill level 5 in Shields
  4277 | D:5      | Reached * piety under Makhleb
  4707 | D:6      | Reached XP level 8. HP: 35/50 MP: 9/9
  4931 | D:6      | Found a basalt altar of Yredelemnul.
  5083 | D:6      | Noticed Eustachio
  5113 | D:6      | Killed Eustachio
  5232 | D:6      | Found a radiant altar of Vehumet.
  5266 | D:6      | Reached skill level 5 in Maces & Flails
  5661 | D:7      | Noticed Harold
  5696 | D:7      | Killed Harold
  5696 | D:7      | Reached XP level 9. HP: 33/56 MP: 10/12
  6042 | D:7      | Noticed a hornet
  6063 | D:7      | Killed a hornet
  6063 | D:7      | Reached skill level 5 in Invocations
  6374 | D:7      | Found a runed gate.
  6374 | D:7      | Noticed ThisFiasco's ghost (novice GrEE)
  6375 | D:7      | Found a runed gate.
  6376 | D:7      | Found a runed gate.
  6377 | D:7      | Noticed geeseburger's ghost (novice OpVM)
  6445 | D:7      | Reached ** piety under Makhleb
  6464 | D:7      | Found an ornate altar of the Wu Jian Council.
  6464 | D:7      | Found a sacrificial altar of Ru.
  6840 | D:7      | Found a bloodstained altar of Trog.
  7077 | D:7      | Reached XP level 10. HP: 62/63 MP: 14/14
  7494 | D:8      | Found Umnaezeb's Armour Boutique.
  7496 | D:8      | Found Ezajaowk's Magic Scroll Shop.
  7511 | D:8      | Bought a scroll of teleportation for 42 gold pieces
  7527 | D:8      | Found Eganep's Magic Scroll Shop.
  7595 | D:8      | Found Runoox's Jewellery Shop.
  7986 | D:8      | Found a bloodstained altar of Trog.
  7998 | D:8      | Found a stormy altar of Qazlal.
  8447 | D:9      | Reached *** piety under Makhleb
  8456 | D:9      | Noticed a two-headed ogre
  8474 | D:9      | Killed a two-headed ogre
  8746 | D:9      | Found a sparkling altar of Nemelex Xobeh.
  8900 | D:10     | Entered Level 10 of the Dungeon
  8901 | D:10     | Noticed Erolcha
  9410 | D:10     | Identified the ring of Riecirug {*Contam rC+ Str+8 Dex-3
                  | Slay+5} (You found it on level 10 of the Dungeon)
  9451 | D:10     | Reached **** piety under Makhleb
  9522 | D:10     | Reached XP level 11. HP: 69/69 MP: 16/16
  9695 | D:10     | Killed Erolcha
 10026 | D:10     | Found a shimmering altar of Xom.
 10091 | D:10     | Noticed Josephine
 10108 | D:10     | Killed Josephine
 10208 | D:10     | Found a staircase to the Lair.
 10417 | D:10     | Found a staircase to the Orcish Mines.
 10926 | D:11     | Noticed a cyclops
 10926 | D:11     | Noticed a six-headed hydra
 11270 | Lair:1   | Entered Level 1 of the Lair of Beasts
 11372 | Lair:1   | Noticed Joseph
 11409 | Lair:1   | Killed Joseph
 11626 | Lair:1   | Noticed Nergalle
 11637 | Lair:1   | Killed Nergalle
 11833 | Lair:1   | Noticed Sonja
 11839 | Lair:1   | Killed Sonja
 12348 | Lair:2   | Reached XP level 12. HP: 77/77 MP: 18/18
 12429 | Lair:2   | Reached skill level 10 in Shields
 12628 | Lair:2   | Found a staircase to the Shoals.
 12658 | Lair:2   | Reached skill level 10 in Fighting
 12658 | Lair:2   | Reached skill level 10 in Armour
 13203 | Lair:3   | Found a staircase to the Snake Pit.
 14122 | Lair:4   | Noticed a catoblepas
 14127 | Lair:4   | Noticed a five-headed hydra
 14136 | Lair:4   | Killed a catoblepas
 14154 | Lair:4   | Killed a five-headed hydra
 14168 | Lair:4   | Reached skill level 10 in Maces & Flails
 14168 | Lair:4   | Reached skill level 10 in Invocations
 14176 | Lair:4   | Reached XP level 13. HP: 75/84 MP: 20/20
 14199 | Lair:4   | Reached ***** piety under Makhleb
 14476 | Lair:4   | HP: 1/84 [rime drake/flash freeze (24)]
 15196 | Lair:4   | Noticed a fire dragon
 15197 | Lair:4   | Noticed a cacodemon
 15214 | Lair:4   | Gained mutation: You are clumsy. (Dex -2) [a cacodemon]
 15582 | Lair:4   | Noticed an Executioner
 15597 | Lair:3   | Killed a fire dragon
 16039 | Lair:5   | Found a transporter.
 16066 | Lair:5   | Found a transporter.
 16614 | Lair:6   | Entered Level 6 of the Lair of Beasts
 16910 | Lair:6   | Gained mutation: Your large and strong wings let you fly
                  | indefinitely. [Gargoyle growth]
 16910 | Lair:6   | Reached XP level 14. HP: 91/91 MP: 22/22
 16936 | Lair:6   | Found a viscous altar of Jiyva.
 16936 | Lair:6   | Found a staircase to the Slime Pits.
 17305 | Lair:6   | Noticed a dire elephant
 17305 | Lair:6   | Noticed a dire elephant
 17318 | Lair:6   | Killed a dire elephant
 17324 | Lair:6   | Killed a dire elephant
 17364 | Lair:6   | Noticed a dire elephant
 17529 | Lair:6   | Killed a dire elephant
 17579 | Lair:6   | Noticed a dire elephant
 17585 | Lair:6   | Noticed a dire elephant
 17651 | Lair:6   | Killed a dire elephant
 17664 | Lair:6   | Killed a dire elephant
 17727 | Lair:6   | Noticed a dire elephant
 17774 | Lair:6   | Killed a dire elephant
 18566 | Orc:1    | Entered Level 1 of the Orcish Mines
 18744 | Orc:1    | Found a roughly hewn altar of Beogh.
 18856 | Orc:2    | Entered Level 2 of the Orcish Mines
 18856 | Orc:2    | Found a staircase to the Elven Halls.
 18856 | Orc:2    | Found a roughly hewn altar of Beogh.
 18967 | Orc:2    | Noticed Urug
 18985 | Orc:2    | Killed Urug
 19370 | Orc:2    | Found an iron altar of Okawaru.
 19417 | Orc:2    | Paralysed by an orc sorcerer for 3 turns
 19749 | Orc:2    | Found Tush's Antique Weapon Shoppe.
 19786 | Orc:2    | Bought a jewelled mace for 280 gold pieces
 19787 | Orc:2    | Identified the +7 mace of Context {freeze, Int+3} (You
                  | bought it in a shop on level 2 of the Orcish Mines)
 20108 | Orc:2    | Found Noav's Gadget Emporium.
 20127 | Orc:2    | Found an ancient bone altar of Kikubaaqudgha.
 20147 | Orc:2    | Found Jaryer's Magic Scroll Emporium.
 20173 | Orc:2    | Paralysed by an ogre mage for 6 turns
 20222 | Orc:2    | Bought a scroll of teleportation for 45 gold pieces
 20222 | Orc:2    | Bought a scroll of teleportation for 45 gold pieces
 20226 | Orc:2    | Found a radiant altar of Vehumet.
 20230 | Orc:2    | Paralysed by an orc sorcerer for 5 turns
 20267 | Orc:2    | Found a roughly hewn altar of Beogh.
 20287 | Orc:2    | Found Inig's Antique Weapon Shoppe.
 20615 | Snake:1  | Entered Level 1 of the Snake Pit
 20909 | Shoals:1 | Entered Level 1 of the Shoals
 21192 | Shoals:1 | Noticed a kraken
 21440 | Shoals:1 | Reached XP level 15. HP: 97/97 MP: 24/24
 24476 | Shoals:4 | Entered Level 4 of the Shoals
 24595 | Shoals:4 | Reached XP level 16. HP: 99/105 MP: 25/25
 25005 | Shoals:4 | Got a dazzling scythe {vamp}
 25006 | Shoals:4 | Identified the +5 scythe of Due Proportion {vamp, -Tele rF+
                  | MR++ Dex+3} (You took it off a merfolk on level 4 of the
                  | Shoals)
 25021 | Shoals:4 | Noticed a kraken
 25021 | Shoals:4 | Noticed a kraken
 25208 | Shoals:4 | Noticed a kraken
 25515 | Shoals:4 | Got a barnacled rune of Zot
 25588 | Shoals:4 | Noticed a kraken
 25735 | Shoals:4 | Identified the Almanac of Excruciating Malediction
 25829 | Shoals:4 | Identified the Catalogue of Unholy Transformation
 26650 | Snake:1  | HP: 7/160 [naga/mace (2)]
 27346 | Snake:1  | Identified the Compendium of Gravity
 27858 | Snake:2  | Reached XP level 17. HP: 112/112 MP: 27/27
 27866 | Snake:2  | Found Qef Turag's Antique Armour Shop.
 27866 | Snake:2  | Found Pirivet's Gadget Boutique.
 27922 | Snake:2  | Bought a bronze plate armour for 1120 gold pieces
 27922 | Snake:2  | Identified the +5 plate armour of the Neverending Lovers
                  | {rC- MP+9 Str+7 Int+3} (You bought it in a shop on level 2
                  | of the Snake Pit)
 28524 | Snake:3  | Reached skill level 15 in Shields
 28542 | Snake:3  | Reached skill level 15 in Armour
 28551 | Snake:3  | Lost mutation: You are clumsy. (Dex -2) [potion of
                  | mutation]
 28551 | Snake:3  | Gained mutation: You are covered in fur. (AC +1) [potion of
                  | mutation]
 28551 | Snake:3  | Gained mutation: You are partially covered in iridescent
                  | scales. (AC +2) [potion of mutation]
 28958 | Snake:3  | Found Vaokozen's Jewellery Shoppe.
 28958 | Snake:3  | Found Jitinneo's Gadget Shop.
 28959 | Snake:3  | Found Gezem's Jewellery Shoppe.
 28969 | Snake:3  | Bought an uncursed amulet of guardian spirit for 600 gold
                  | pieces
 28997 | Snake:3  | Reached skill level 15 in Fighting
 29543 | Snake:4  | Entered Level 4 of the Snake Pit
 29771 | D:8      | Bought a scroll of magic mapping for 49 gold pieces
 29771 | D:8      | Bought a scroll of torment for 105 gold pieces
 29771 | D:8      | Bought a scroll of teleportation for 42 gold pieces
 29771 | D:8      | Bought a scroll of magic mapping for 49 gold pieces
 30009 | Snake:4  | Reached ****** piety under Makhleb
 30830 | Snake:4  | Identified the +5 ring mail of Bad Feelings {Str+6} (You
                  | found it on level 4 of the Snake Pit)
 31146 | Snake:4  | Noticed Asterion
 31348 | Snake:4  | Killed Asterion
 31381 | Snake:4  | Noticed Roxanne
 31402 | Snake:4  | Killed Roxanne
 31403 | Snake:4  | Identified Roxanne's Papyrus of the Rocks (You took it off
                  | Roxanne on level 4 of the Snake Pit)
 31488 | Snake:4  | Reached skill level 15 in Invocations
 31555 | Snake:4  | Reached XP level 18. HP: 119/119 MP: 27/29
 31783 | Snake:4  | Found Besmar's Food Shoppe.
 32522 | Snake:4  | Got a serpentine rune of Zot
 33163 | D:11     | Reached skill level 15 in Maces & Flails
 34141 | D:13     | Found a gate to the Vaults.
 34158 | D:13     | Reached XP level 19. HP: 125/125 MP: 30/30
 35597 | D:14     | Found a burning altar of Makhleb.
 35697 | D:14     | Identified a scroll of acquirement
 35698 | D:14     | Got a crude platinum ring
 35699 | D:14     | Identified the ring "Wattokku" {MR+ Int+4} (You acquired it
                  | on level 14 of the Dungeon)
 35777 | D:15     | Entered Level 15 of the Dungeon
 36412 | D:15     | Found a staircase to the Depths.
 36557 | Vaults:1 | Entered Level 1 of the Vaults
 36940 | Vaults:1 | Found a magical portal.
 36981 | WizLab   | Entered The Roulette of Golubria
 36981 | WizLab   | Found a transporter.
 36994 | WizLab   | Found a corrupted altar of Lugonu.
 37119 | WizLab   | Found a corrupted altar of Lugonu.
 37126 | WizLab   | Found a transporter.
 37148 | WizLab   | Found a transporter.
 37148 | WizLab   | Found a transporter.
 37179 | WizLab   | Found a transporter.
 37233 | WizLab   | Found a transporter.
 37285 | WizLab   | Found a transporter.
 37293 | WizLab   | Found a transporter.
 37508 | WizLab   | Found a transporter.
 37541 | WizLab   | Found a transporter.
 37559 | WizLab   | Found a transporter.
 37629 | WizLab   | Found a transporter.
 37629 | WizLab   | Found a transporter.
 37679 | WizLab   | Noticed a profane servitor
 37679 | WizLab   | Found a transporter.
 37721 | WizLab   | Found a transporter.
 37721 | WizLab   | Found a transporter.
 37768 | WizLab   | Found a transporter.
 37814 | WizLab   | Found a transporter.
 37855 | WizLab   | Found a transporter.
 37884 | WizLab   | Found a transporter.
 37981 | WizLab   | HP: 5/127 [eldritch tentacle (7)]
 37985 | WizLab   | Identified the Papyrus of the Compass
 37985 | WizLab   | Mangled by an eldritch tentacle

Skill      XL: |  1  2  3  4  5  6  7  8  9 10 11 12 13 14 15 16 17 18 19 |
---------------+----------------------------------------------------------+-----
Throwing       | 1 |  1.6
Armour         | 4 5 6 7 8 9 11 12 13 14 15 16 17 | 17.0
Shields        | 4 5 6 7 8 9 11 12 13 14 15 16 17 | 17.1
Fighting       | 4 5 6 7 8 9 10 11 12 13 14 15 16 | 16.9
Maces & Flails | 3 4 5 6 7 8 10 11 12 13 14 15 | 15.7
Invocations    | 1 2 4 5 7 8 10 11 12 13 14 15 16 | 16.5

Action                   |  1- 3 |  4- 6 |  7- 9 | 10-12 | 13-15 | 16-18 | 19-21 || total
-------------------------+-------+-------+-------+-------+-------+-------+-------++-------
Melee: Flail             |   159 |   387 |   215 |       |       |       |       ||   761
       Mace              |       |       |   167 |   920 |  1424 |  1742 |   671 ||  4924
 Fire: Blowgun           |       |       |     7 |       |       |       |       ||     7
Throw: Throwing net      |       |       |       |       |     1 |       |     1 ||     2
Invok: Minor Destruction |       |       |     3 |    17 |    12 |    11 |     1 ||    44
       Major Destruction |       |       |       |    18 |    19 |    32 |     4 ||    73
       Lesser Servant of |       |       |       |     9 |    10 |     7 |     1 ||    27
       Greater Servant o |       |       |       |       |     7 |     4 |     7 ||    18
 Abil: Fly               |       |       |       |       |     3 |       |       ||     3
       Stop Flying       |       |       |       |       |     2 |       |       ||     2
Evoke: Wand              |       |       |       |       |     1 |     4 |       ||     5
  Use: Scroll            |       |     3 |     1 |    17 |    17 |    17 |     8 ||    63
       Potion            |       |       |       |     1 |    11 |     8 |     3 ||    23
 Stab: Distracted        |       |       |       |     1 |     1 |     1 |     1 ||     4
  Eat: Chunk             |     1 |    10 |    13 |    21 |    28 |    17 |     6 ||    96
       Ration            |       |       |     1 |     1 |     2 |     5 |     2 ||    11
Armor: Scale mail        |   102 |   241 |   175 |    78 |       |       |       ||   596
       Chain mail        |       |       |       |   317 |       |       |       ||   317
       Plate armour      |       |       |       |   255 |  1029 |   872 |   388 ||  2544
       Skin              |       |       |       |       |       |    46 |       ||    46
Dodge: Dodged            |    64 |   146 |   112 |   281 |   585 |   467 |   214 ||  1869
Block: Shield            |   104 |   271 |   221 |   710 |  1320 |  1296 |   565 ||  4487
